 Dungeon Crawl Stone Soup version 0.17.2-1-ge4368a0 (webtiles) character file.

226 KleinerIrrer the Skirmisher (level 6, -1/65 HPs)
             Began as an Ogre Fighter on July 4, 2017.
             Slain by an adder (3 damage)
             ... on level 4 of the Dungeon.
             The game lasted 00:05:43 (2287 turns).

KleinerIrrer the Skirmisher (Ogre Fighter)          Turns: 2287, Time: 00:05:43

Health: -1/65      AC:  3    Str: 26 (27) XL:     6   Next: 1%
Magic:  6/6        EV:  9    Int:  7      God:
Gold:   121        SH:  9    Dex: 11      Spells: 0 memorised, 5 levels left

rFire  . . .     SeeInvis .     a - +0 flail
rCold  . . .     Clarity  .     b - +0 robe
rNeg   . . .     SustAt   .     c - +0 shield
rPois  .         Gourm    .     (helmet restricted)
rElec  .         Spirit   .     (no cloak)
rCorr  .         Warding  .     (gloves unavailable)
rMut   .         Stasis   .     (boots unavailable)
MR     .....                    (no amulet)
Stlth  +.........               (no ring)
                                (no ring)

@: mighty, lethally poisoned (-1 -> -10), not resistant to hostile enchantments,
very unstealthy
A: unfitting armour, tough skin 1
a: no special abilities


You were on level 4 of the Dungeon.
You were hungry.

You visited 2 branches of the dungeon, and saw 5 of its levels.

You collected 121 gold pieces.

Inventory:

Hand Weapons
 a - a +0 flail (weapon)
Armour
 b - a +0 robe (worn)
 c - a +0 shield (worn)
Wands
 k - a wand of slowing (5)
Scrolls
 g - 2 scrolls of identify {unknown}
 i - a scroll of fog {unknown}
 l - a scroll of fear {unknown}
 n - 2 scrolls of remove curse
 r - a scroll of teleportation {unknown}
Comestibles
 e - 2 bread rations
 f - 4 fruits
 h - 2 slices of pizza
 j - 3 chunks of flesh
 o - a meat ration
 q - a beef jerky


   Skills:
 + Level 4.9 Fighting
 + Level 4.3 Maces & Flails
 + Level 4.6 Dodging
 - Level 3.1 Shields


You had 5 spell levels left.
You didn't know any spells.

Dungeon Overview and Level Annotations

Branches:
Dungeon (4/15)             Temple (1/1) D:4

Altars:
Ashenzari
Dithmenos
Fedhas
Gozag
Kikubaaqudgha
Nemelex Xobeh
Okawaru
Ru
Sif Muna
Trog
Yredelemnul
Zin
The Shining One


Innate Abilities, Weirdness & Mutations

You are too large for most types of armour.
You have tough skin (AC +1).


Message History

You are more poisoned.
The adder poisons you!
You closely miss the adder.
The adder is severely wounded.
You feel sick. The adder barely misses you.
You barely miss the adder.
The adder is severely wounded.
You feel sick. The adder bites you.
* * * LOW HITPOINT WARNING * * *
You are more poisoned.
The adder poisons you! You block the adder's attack.
You hit the adder but do no damage.
The adder is severely wounded.
* * * LOW HITPOINT WARNING * * *
You feel sick. The adder closely misses you.
Drink which item? (? for menu, Esc to quit)
You feel very mighty all of a sudden.
* * * LOW HITPOINT WARNING * * *
You feel sick. The adder bites you.
You die...

**** ##### ,,,***** ##...##
,,,**,,** ##..<..## *****
,,,,,,,,***####.......# **,,,*
*+**,,,,,,,,..........# *,,,**
,,,*,,,,*#####........####.,**
,∩,*,,,,,.............#....,*
,,,*,,,,,,,,,*#.@.........#**
*+**,,,,,,,,.##.S.........#
,,,,,,,,,,,..........###..##
,***,,,*,**##..#.......>...#
,,,,,,,,,,,...#......##.####
,,,***,,,,....#.####.##.# ,***
*,,>.......#.......# ,**
*,,,...............#
,,****,,,,,,....#......##


You could see an adder.

Vanquished Creatures
  2 orc priests
  Ijyb (D:2)
  An orc wizard (Temple)
  6 adders
  An adder skeleton (D:4)
  3 worms
  A giant gecko (D:3)
  5 orcs
  A bat (D:2)
  A giant cockroach (D:2)
  5 goblins
  5 hobgoblins
  3 jackals (D:2)
  2 quokkas
  6 giant newts
  8 kobolds
  4 rats
55 creatures vanquished.

Notes
Turn   | Place    | Note
--------------------------------------------------------------
     0 | D:1      | KleinerIrrer the Ogre Fighter began the quest for the Orb.
     0 | D:1      | Reached XP level 1. HP: 24/24 MP: 1/1
    78 | D:2      | Reached XP level 2. HP: 30/32 MP: 2/2
   141 | D:2      | Noticed Ijyb
   160 | D:2      | Killed Ijyb
   160 | D:2      | Reached XP level 3. HP: 24/40 MP: 3/3
   325 | D:2      | Found a faded altar to an unknown god.
   498 | D:2      | Reached XP level 4. HP: 39/49 MP: 4/4
   833 | D:3      | Found an iron altar of Okawaru.
  1339 | D:3      | Reached XP level 5. HP: 29/55 MP: 5/5
  2071 | D:4      | Found a staircase to the Ecumenical Temple.
  2096 | Temple   | Entered the Ecumenical Temple
  2100 | Temple   | HP: 2/55 [orc wizard/puff of flame (7)]
  2232 | D:4      | Reached XP level 6. HP: 13/65 MP: 6/6
  2286 | D:4      | HP: 3/65 [poisoned by an adder]
  2287 | D:4      | Slain by an adder

Action                   |  1- 3 |  4- 6 || total
-------------------------+-------+-------++-------
Melee: Flail             |    94 |   140 ||   234
  Use: Potion            |       |     5 ||     5
       Scroll            |       |     2 ||     2
 Stab: Sleeping          |       |     1 ||     1
  Eat: Chunk             |       |     4 ||     4
